 Dungeon Crawl Stone Soup version 0.24-a0-170-gd8427f5 (webtiles) character file.

Game seed: 9936545376459762407

91 mortelune the Skirmisher (level 4, -1/35 HPs)
             Began as a Demonspawn Abyssal Knight on Mar 9, 2019.
             Was a Follower of Lugonu.
             Killed from afar by Ijyb (4 damage)
             ... with a wand of flame (9)
             ... on level 3 of the Dungeon.
             The game lasted 00:05:19 (3363 turns).

mortelune the Skirmisher (DsAK)                     Turns: 3363, Time: 00:05:21

Health: -1/35      AC:  6    Str: 13    XL:     4   Next: 33%
Magic:  5/5        EV: 11    Int: 13    God:    Lugonu [*.....]
Gold:   163        SH:  0    Dex: 13    Spells: 3/3 levels left

rFire    . . .     SeeInvis +   a - +1 falchion
rCold    . . .     Gourm    .   (no shield)
rNeg     . . .     Faith    .   i - +0 ring mail
rPois    .         Spirit   .   (no helmet)
rElec    .         Reflect  .   (no cloak)
rCorr    .         Harm     .   n - +0 pair of gloves
MR       .....                  (no boots)
Stlth    ++........             (no amulet)
HPRegen  0.11/turn              f - ring of see invisible
MPRegen  0.09/turn              (no ring)

@: no status effects
A: talons 1, nightstalker 1
a: Depart the Abyss, Renounce Religion


You were on level 3 of the Dungeon.
You worshipped Lugonu.
Lugonu was aware of your devotion.
You were not hungry.

You visited 1 branch of the dungeon, and saw 3 of its levels.
You visited the Abyss 1 time.

You collected 163 gold pieces.

Inventory:

Hand Weapons
 a - a +1 falchion (weapon)
Missiles
 q - 5 javelins (quivered)
Armour
 b - a +0 leather armour
 i - a +0 ring mail (worn)
 n - a +0 pair of gloves (worn)
 p - a +0 chain mail
Jewellery
 f - a ring of see invisible (left hand)
Scrolls
 d - 3 scrolls of teleportation {unknown}
 g - 6 scrolls of identify {unknown}
 h - a scroll of enchant armour {unknown}
 j - a scroll of noise {unknown}
 l - a scroll of enchant weapon {unknown}
 m - 2 scrolls of amnesia {unknown}
 o - a scroll of random uselessness {unknown}
Potions
 e - a potion of mutation {unknown}
 k - a potion of brilliance {unknown}
Comestibles
 c - 6 rations
 r - a chunk of flesh


   Skills:
 + Level 3.5 Fighting
 * Level 3.1 Long Blades
 - Level 2.0 Armour
 + Level 1.5 Dodging
 + Level 1.0 Stealth
 - Level 2.4 Invocations


You had 3 spell levels left.
You didn't know any spells.
Your spell library was empty.

Dungeon Overview and Level Annotations

Branches:
Dungeon (3/15)

Altars:
Makhleb
Nemelex Xobeh
Xom
Zin

Annotations:
D:3 Ijyb


Innate Abilities, Weirdness & Mutations

You have sharp toenails.
You are slightly more attuned to the shadows.


Message History

Ijyb is heavily wounded.
Ijyb zaps a wand.
The puff of flame misses you.
You hit Ijyb but do no damage.
Ijyb is heavily wounded.
Ijyb zaps a wand.
The puff of flame hits you.
* * * LOW HITPOINT WARNING * * *
You slash Ijyb! You claw Ijyb.
Ijyb is almost dead.
Ijyb hits you.
* * * LOW HITPOINT WARNING * * *
Ijyb barely misses you.
You closely miss Ijyb.
Ijyb is almost dead.
Ijyb screams, "I no like you!"
Ijyb zaps a wand.
The puff of flame hits you.
* * * LOW HITPOINT WARNING * * *
You closely miss Ijyb.
Ijyb is almost dead.
Ijyb zaps a wand.
The puff of flame hits you.
You die...

#.# # #.# .#
######.###.#
...........#
#####.#.###
###...########## #
#..............#
#.###.##..#####.##.#
#gg@..##..# #.##.#
#....######..#
#.##.# #### #..#
#.##.# #..# #.##.#
...# #....#
#######...
..........
......#...
###...(...


You could see Ijyb and a hobgoblin.

Vanquished Creatures
  3 adders (D:2)
  An ooze (D:1)
  5 dart slugs
  2 leopard geckos (D:1)
  5 bats
  6 giant cockroaches
  2 goblins (D:1)
  6 hobgoblins
  2 jackals (D:1)
  A quokka (D:2)
  A ball python (D:2)
  5 frilled lizards
  4 kobolds
  2 rats
45 creatures vanquished.

Notes
Turn   | Place    | Note
-------+----------+-------------------------------------------
     0 | Abyss:1  | mortelune the Demonspawn Abyssal Knight began the quest for
                  | the Orb.
     0 | Abyss:1  | Reached XP level 1. HP: 18/18 MP: 2/2
    39 | Abyss:1  | Noticed an iron imp
    40 | D:1      | Escaped the Abyss
   239 | D:1      | Gained mutation: You are slightly more attuned to the
                  | shadows. [demonic ancestry]
   239 | D:1      | Reached XP level 2. HP: 14/24 MP: 3/3
   523 | D:1      | Reached skill level 1 in Dodging
   543 | D:1      | Reached * piety under Lugonu
  1101 | D:1      | Reached XP level 3. HP: 26/29 MP: 4/4
  1846 | D:2      | Found a sparkling altar of Nemelex Xobeh.
  1847 | D:2      | Found a shimmering altar of Xom.
  1847 | D:2      | Found a burning altar of Makhleb.
  1848 | D:2      | Found a glowing silver altar of Zin.
  2672 | D:2      | Gained mutation: You have sharp toenails. [demonic
                  | ancestry]
  2672 | D:2      | Reached XP level 4. HP: 28/35 MP: 5/5
  3100 | D:2      | Reached skill level 1 in Stealth
  3344 | D:3      | Noticed Ijyb
  3363 | D:3      | Killed from afar by Ijyb

Levels and vault maps discovered:
D:1:      sevenhm_arrival_forest_fort_small_4, layout_loops_ring,
          hangedman_decor_clover_reticule
D:2:      layout_basic, chequers_temple_overflow_statue_of_worship
D:3:      minmay_door_path, layout_loops_ring, nicolae_overflow_hidden_temple,
          gammafunk_temple_overflow_pools, guppyfry_early_orc_mine, uniq_ijyb
Abyss:1

Skill      XL: |  1  2  3  4 |
---------------+-------------+-----
Long Blades    | 2 3 |  3.1
Armour         | 2 |  2.0
Dodging        | 1 |  1.5
Stealth        | 1 |  1.0
Fighting       | |  3.5
Invocations    | |  2.4

Action                   |  1- 3 |  4- 6 || total
-------------------------+-------+-------++-------
Melee: Falchion          |   120 |    35 ||   155
       Kick              |       |    11 ||    11
Throw: Javelin           |       |     3 ||     3
Invok: Depart the Abyss  |     1 |       ||     1
 Stab: Sleeping          |     4 |     1 ||     5
  Eat: Chunk             |     5 |     3 ||     8
Armor: Leather armour    |    30 |       ||    30
       Chain mail        |    12 |     1 ||    13
       Ring mail         |       |    15 ||    15
Dodge: Dodged            |    75 |    14 ||    89
       Rpst.: Falchion   |    24 |     6 ||    30

Table legend:
 A = Non-vault XP
 B = Vault XP
 C = Vault XP percentage of total XP
 D = Non-vault monster count
 E = Vault monster count
 F = Vault count percentage of total count
                 A         B        C        D         E       F
            +---------+---------+-------+---------+---------+-------
      Total |     130 |       0 |   0.0 |      45 |       0 |   0.0
            +---------+---------+-------+---------+---------+-------
        D:1 |      60 |       0 |   0.0 |      27 |       0 |   0.0
        D:2 |      64 |       0 |   0.0 |      15 |       0 |   0.0
        D:3 |       6 |       0 |   0.0 |       3 |       0 |   0.0
            +---------+---------+-------+---------+---------+-------
